 Dungeon Crawl Stone Soup version 0.19-a0-712-g899c6ed (webtiles) character file.

38 TheGoonsmith the Digger (level 3, 0/19 HPs)
             Began as a Deep Elf Earth Elementalist on June 19, 2016.
             Slain by an iron imp (5 damage)
             ... summoned by Natasha
             ... on level 2 of the Dungeon.
             The game lasted 00:02:48 (1606 turns).

TheGoonsmith the Digger (DEEE)                      Turns: 1606, Time: 00:02:49

Health: 0/19       AC:  4    Str:  5    XL:     3   Next: 25%
Magic:  5/10       EV: 13    Int: 19    God:
Gold:   69         SH:  0    Dex: 16    Spells: 2 memorised, 5 levels left

rFire  . . .     SeeInvis .     b - 37 stones
rCold  . . .     Gourm    .     c - +0 robe
rNeg   . . .     Faith    .     (no shield)
rPois  .         Spirit   .     m - +0 helmet
rElec  .         Dismiss  .     (no cloak)
rCorr  .         Reflect  .     s - +0 pair of gloves
SustAt .         Harm     .     (no boots)
MR     .....                    (no amulet)
Stlth  ++........               (no ring)
                                (no ring)

@: not resistant to hostile enchantments, unstealthy
A: no striking features
a: no special abilities


You were on level 2 of the Dungeon.
You were not hungry.

You visited 1 branch of the dungeon, and saw 2 of its levels.

You collected 69 gold pieces.

Inventory:

Hand Weapons
 a - a +1 whip of draining
 h - a +0 club
Missiles
 b - 37 stones (in hand)
Armour
 c - a +0 robe (worn)
 m - a +0 helmet (worn)
 s - a +0 pair of gloves (worn)
Scrolls
 g - a scroll of immolation {unknown}
 i - a scroll of blinking {unknown}
 j - a scroll of fear {unknown}
 k - a scroll of magic mapping {unknown}
 l - 3 scrolls of identify {unknown}
 p - a scroll of remove curse {unknown}
 r - a scroll of recharging {unknown}
Potions
 f - a potion of heal wounds {unknown}
 n - a potion of flight {unknown}
 o - a potion of curing {unknown}
 q - 3 potions of degeneration {unknown}
 t - 2 potions of resistance {unknown}
Books
 e - a book of Geomancy

   Spells                             Type                      Level
   a - Sandblast                      Earth                        1
   b - Passwall                       Transmutation/Earth          2
   c - Stone Arrow                    Conjuration/Earth            3
   d - Petrify                        Transmutation/Earth          4
   e - Lee's Rapid Deconstruction     Earth                        5
Comestibles
 d - a bread ration


   Skills:
 - Level 2.4 Dodging
 - Level 2.4 Stealth
 + Level 3.8 Spellcasting
   Level 1.1 Transmutations
 * Level 4.3 Earth Magic


You had 5 spell levels left.
You knew the following spells:

 Your Spells              Type           Power        Failure   Level  Hunger
a - Sandblast             Erth           ###...       2%          1    None
b - Stone Arrow           Conj/Erth      ##....       17%         3    ###....


Dungeon Overview and Level Annotations

Branches:
Dungeon (2/15)

Altars:

Annotations:
D:2 Natasha


Message History

The shadow imp hits you.
Casting: Sandblast
Confirm with . or Enter, or press ? or * to list all spells.
Aiming: Sandblast
Press: ? - help, Shift-Dir - straight line, f/p - Natasha
Aim: Natasha The rocky blast hits the shadow imp.
You kill the shadow imp!
Casting: Sandblast
Confirm with . or Enter, or press ? or * to list all spells.
Aiming: Sandblast
Press: ? - help, Shift-Dir - straight line, f/p - Natasha
Aim: Natasha The rocky blast hits Natasha.
Natasha is moderately wounded.
Natasha claws you!
* * * LOW HITPOINT WARNING * * *
The iron imp lashes its tail.
The iron imp hits you.
You die...

#.# #######...## #.#
##.## #.# #.# #.# #.# #.#
##'## #.# ##...##
####.### ##.....##
#......# ##.......##
#.....@# #.........###
........5h.%+.........+..
####.#...####.........##.
#.##$## ##.......###. #.
### ##...[.## #. #.
##...## ## ##'## #
##.###### #.......#


You could see an iron imp and Natasha.

Vanquished Creatures
  An ooze (D:1)
  A dart slug (D:1)
  6 bats (D:1)
  A goblin (D:1)
  7 hobgoblins (D:1)
  10 kobolds
  A ball python (D:1)
  3 giant newts (D:1)
  3 rats (D:1)
33 creatures vanquished.

Notes
Turn   | Place    | Note
--------------------------------------------------------------
     0 | D:1      | TheGoonsmith the Deep Elf Earth Elementalist began the quest for the Orb.
     0 | D:1      | Reached XP level 1. HP: 10/10 MP: 6/6
   388 | D:1      | Reached XP level 2. HP: 15/15 MP: 6/8
   585 | D:1      | Reached skill level 4 in Earth Magic
  1208 | D:1      | Reached XP level 3. HP: 19/19 MP: 7/10
  1436 | D:1      | Learned a level 3 spell: Stone Arrow
  1599 | D:2      | Noticed Natasha
  1606 | D:2      | Slain by an iron imp

Vault maps used:
D:1:      lightli_arrival_statuegarden
D:2:      grunt_temple_overflow_opulence, lemuel_crystal_altar,
          hangedman_decor_diamond_cutter, uniq_natasha, uniq_robin

Skill      XL: |  1  2 |
---------------+-------+-----
Earth Magic    | 4 |  4.3
Dodging        | |  2.4
Stealth        | |  2.4
Spellcasting   | |  3.8
Transmutations | |  1.1

Action                   || total
-------------------------++-------
Melee: Unarmed           ||     1
 Cast: Sandblast         ||    69
  Eat: Chunk             ||     2
Armor: Robe              ||     8
Dodge: Dodged            ||    21
